 Dungeon Crawl Stone Soup version 0.23.2-40-g277498a001 (webtiles) character file.

Game seed: 13861553983096199964

18177 MisterOstroum the Geomancer (level 12, -6/79 HPs)
             Began as a Gargoyle Earth Elementalist on Sept 16, 2019.
             Was a Plaything of Xom.
             Mangled by a yak (13 damage)
             ... on level 3 of the Lair of Beasts.
             The game lasted 01:48:02 (15826 turns).

MisterOstroum the Geomancer (GrEE)                 Turns: 15826, Time: 01:48:04

Health: -6/79      AC: 15    Str: 13      XL:     12   Next: 55%
Magic:  17/24      EV: 12    Int: 22 (23) God:    Xom [.*....]
Gold:   592        SH:  4    Dex: 10      Spells: 12/28 levels left

rFire    + . .     SeeInvis .   t - +0 whip (elec)
rCold    + . .     Gourm    +   N - +0 buckler
rNeg     + . .     Faith    .   l - +2 robe {Archmagi}
rPois    ∞         Spirit   .   J - +1 hat
rElec    +         Reflect  .   O - +0 cloak
rCorr    .         Harm     .   (no gloves)
MR       ++...                  (no boots)
Stlth    ++........             A - amulet of the gourmand
HPRegen  0.63/turn              I - ring of protection from fire
MPRegen  0.19/turn              c - ring of the Mage {Wiz MR++ Int+3}

@: confusing touch, about to teleport
A: horns 1, talons 1, rugged brown scales 1, cold resistance 1, deterioration 1,
negative energy resistance 1, regeneration 1, electricity resistance,
unbreathing, petrification resistance, rot immunity, sturdy frame 1, AC +8
a: Renounce Religion


You were on level 3 of the Lair of Beasts.
You worshipped Xom.
You were a plaything of Xom.
You were very full.

You visited 3 branches of the dungeon, and saw 14 of its levels.
You also visited: Gauntlet.

You collected 724 gold pieces.
You spent 132 gold pieces at shops.

Inventory:

Hand Weapons
 q - a +0 flail of crushing
 t - a +0 whip of electrocution (weapon)
Missiles
 b - 243 stones (quivered)
 n - 12 poisoned javelins
 z - 5 throwing nets {!f}
 E - 2 tomahawks
 R - 45 arrows
Armour
 l - a +2 robe of the Archmagi (worn)
 J - a +1 hat (worn)
 N - a +0 buckler (worn)
 O - a +0 cloak (worn)
Magical Staves
 F - an uncursed staff of conjuration
Jewellery
 c - the ring of the Mage (right hand) {Wiz MR++ Int+3}
   (You found it in a Gauntlet)

   [ring of wizardry]

   It improves your spell success rate.
   It affects your intelligence (+3).
   It affects your resistance to hostile enchantments.
 p - an uncursed ring of resist corrosion
 A - an amulet of the gourmand (around neck)
 B - an uncursed ring of protection from cold
 I - a ring of protection from fire (left hand)
Wands
 f - a wand of flame (38)
 m - a wand of random effects (15)
 u - a wand of scattershot (2)
 y - a wand of iceblast (17)
 D - a wand of clouds (8)
 H - a wand of digging (6)
 P - a wand of polymorph (15)
Scrolls
 d - a scroll of blinking {unknown}
 i - 2 scrolls of magic mapping {unknown}
 k - 11 scrolls of remove curse {@r2}
 o - a scroll of enchant armour
 K - a scroll of enchant weapon {unknown}
 L - a scroll of summoning {unknown}
 U - 4 scrolls of teleportation {@r3 !r}
Potions
 a - a potion of curing {@q1 !q}
 g - 2 potions of haste {@q4 !q}
 h - 3 potions of flight
 j - 5 potions of brilliance
 s - a potion of berserk rage
 v - a potion of heal wounds {unknown}
 w - 2 potions of cancellation
 C - 4 potions of mutation
 G - 2 potions of lignification
 V - a potion of experience {unknown}
 W - a potion of might {unknown}
 X - a potion of agility {unknown}
 Y - a potion of resistance {unknown}
 Z - a potion of invisibility {unknown}
Miscellaneous
 S - a crystal ball of energy
Comestibles
 e - 39 rations
 r - 7 chunks of flesh


   Skills:
 - Level 10.0 Fighting
 - Level 7.0 Maces & Flails
 - Level 3.0 Dodging
 - Level 2.2 Stealth
 - Level 4.2 Shields
 - Level 8.7 Spellcasting
 - Level 7.0 Conjurations
 - Level 4.0 Transmutations
 + Level 10.9 Earth Magic
 - Level 5.0 Evocations


You had 12 spell levels left.
You knew the following spells:

 Your Spells              Type           Power        Failure   Level  Hunger
a - Sandblast             Erth           ######       1%          1    None
b - Stone Arrow           Conj/Erth      ######       1%          3    None
c - Confusing Touch       Hex            ##....       2%          1    None
d - Petrify               Tmut/Erth      ######..     1%          4    ##.....
e - Lee's Rapid Deconstr  Erth           ######....   1%          5    #####..
f - Sticks to Snakes      Tmut           #####...     1%          2    None

Your spell library contained the following spells:

 Spells                   Type           Power        Failure   Level  Hunger
 Beastly Appendage        Tmut           #####.       1%          1    None
 Passwall                 Tmut/Erth      ######..     1%          2    None
 Throw Flame              Conj/Fire      #####.       1%          2    None
 Throw Frost              Conj/Ice       #####.       1%          2    None
 Animate Skeleton         Necr           N/A          2%          1    None
 Apportation              Tloc           ##....       2%          1    None
 Freeze                   Ice            ##..         2%          1    None
 Pain                     Necr           ##..         2%          1    None
 Summon Small Mammal      Summ           ##..         2%          1    None
 Spider Form              Tmut/Pois      ####......   3%          3    None
 Throw Icicle             Conj/Ice       #####...     6%          4    ##.....
 Ozocubu's Armour         Chrm/Ice       ##......     9%          3    None
 Regeneration             Chrm/Necr      ##........   9%          3    None
 Vampiric Draining        Necr           ##........   9%          3    None
 Ice Form                 Ice/Tmut       ####....     12%         4    ##.....
 Blade Hands              Tmut           #####.....   16%         5    #####..
 Animate Dead             Necr           N/A          26%         4    ##.....
 Summon Ice Beast         Ice/Summ       ##......     26%         4    ##.....
 Shadow Creatures         Summ           N/A          98%         6    ######.
 Ring of Flames           Chrm/Fire      ##........   100%        7    #######
 Summon Hydra             Summ           ##........   100%        7    #######


Dungeon Overview and Level Annotations

Branches:
Dungeon (10/15)            Temple (1/1) D:4            Lair (3/6) D:10
    Orc (0/2) D:10
  Swamp: Lair:2-4    Shoals: Lair:2-4     Snake: Lair:2-4    Spider: Lair:2-4

Altars:
Ashenzari
Cheibriados
Dithmenos
Elyvilon
Fedhas
Gozag
Hepliaklqana
Kikubaaqudgha
Nemelex Xobeh
Ru
Sif Muna
Trog
Uskayaw
Vehumet
Xom
Yredelemnul
Zin
The Shining One

Shops:
D:6 }%(:}

Portals:
Trove: D:10 (give 3 potions of resistance)

Annotations:
D:5 Eustachio
D:8 2 transporters
D:9 3 runed translucent doors, caleiya's ghost, novice GrFi
Lair:1 exclusion: oklob plant, Gastronok


Innate Abilities, Weirdness & Mutations

You are resistant to torment.
Your stone body is resilient. (AC +8)
You are immune to poison.
You resist negative energy. (rN+)
You are resistant to electric shocks. (rElec)
You can survive without breathing.
You are immune to petrification.
You are immune to rotting.
You have a pair of small horns on your head.
You have sharp toenails.
You are partially covered in rugged brown scales. (AC +1, +3% HP)
Your flesh is cold resistant. (rC+)
Your body sometimes deteriorates upon taking damage.
Your natural rate of healing is unusually fast.
Your movements are slightly less encumbered by armour. (ER -2)


Message History

The yak is moderately wounded.
The water moccasin bites you but does no damage.
Your iron imp hits the yak!
You hit the yak. You claw the yak, but do no damage.
The yak is moderately wounded.
The yak stops moving altogether!
The yak gores you. The elephant tramples you.
You hold your ground!
The elephant trunk-slaps you but does no damage.
The water moccasin bites you but does no damage.
You hit the yak. You claw the yak, but do no damage.
The yak is heavily wounded.
Your iron imp hits the yak but does no damage.
The water moccasin closely misses you. The yak closely misses you.
The elephant tramples you but does no damage.
The elephant completely misses you.
You hit the yak but do no damage. You claw the yak, but do no damage.
Your headbutt misses the yak.
The yak is heavily wounded.
The water moccasin barely misses you. The yak barely misses you.
The elephant misses you.
The elephant trunk-slaps you but does no damage.
Your iron imp hits the yak!
You hit the yak but do no damage.
The yak is heavily wounded.
The water moccasin bites you but does no damage.
You block the yak's attack.
You hit the yak but do no damage. Lightning courses through the yak!!
You claw the yak, but do no damage. Your headbutt misses the yak.
The yak is almost dead.
The water moccasin barely misses you.
The elephant tramples you but does no damage.
The elephant trunk-slaps you but does no damage.
Your iron imp hits the yak.
You barely miss the yak.
The yak is almost dead.
The water moccasin barely misses you. The yak closely misses you.
The elephant tramples you.
You hold your ground!
The elephant barely misses you.
You hit the yak. You claw the yak, but do no damage.
The yak is almost dead.
The water moccasin bites you but does no damage.
Your iron imp hits the yak but does no damage.
The yak gores you but does no damage. The elephant tramples you!
You hold your ground!
The elephant trunk-slaps you but does no damage.
You barely miss the yak. You headbutt the yak, but do no damage.
The yak is almost dead.
The water moccasin bites you but does no damage.
Casting: Petrify (safe; 1% risk of failure)
Confirm with . or Enter, or press ? or * to list all spells.
Aiming: Petrify (safe; 1% risk of failure)
Press: ? - help, Shift-Dir - straight line, f/p - yak
Aim: a yak (chance to defeat MR: 76%)
Okay, then.
Casting: Petrify (safe; 1% risk of failure)
Confirm with . or Enter, or press ? or * to list all spells.
You feel a surge of power!
Your hands begin to glow red.
The water moccasin bites you. The yak barely misses you.
The elephant tramples you.
You hold your ground!
The elephant trunk-slaps you but does no damage.
Your iron imp hits the yak!
The water moccasin bites you but does no damage.
You hit the elephant but do no damage.
The elephant appears confused.
You claw the elephant, but do no damage.
You headbutt the elephant.
The elephant is lightly wounded.
The yak gores you. The elephant tramples you!
You hold your ground!
The elephant trunk-slaps you but does no damage.
The water moccasin misses you.
Your iron imp hits the yak.
You completely miss the yak. Your kick misses the yak.
You headbutt the yak, but do no damage.
The yak is almost dead.
The yak gores you!
* * * LOW HITPOINT WARNING * * *
The water moccasin bites you but does no damage.
The elephant tramples you but does no damage.
The elephant closely misses you.
Really read
U - 5 scrolls of teleportation {@r3 !r}?
As you read the scroll of teleportation {@r3 !r}, it crumbles to dust.
You feel strangely unstable.
The yak is no longer petrified.
The water moccasin barely misses you.
Your iron imp hits the yak.
The yak gores you but does no damage. The yak barely misses you.
The elephant tramples the yak.
The yak holds its ground!
The elephant trunk-slaps the yak.
The yak is killed!
You feel your strength returning.
Casting: Confusing Touch (safe; 2% risk of failure)
Confirm with . or Enter, or press ? or * to list all spells.
You feel a surge of power!
Your hands begin to glow red.
The water moccasin barely misses you. The yak barely misses you.
Your iron imp hits the yak.
The elephant tramples you!
* * * LOW HITPOINT WARNING * * *
You hold your ground!
The elephant trunk-slaps you but does no damage.
The water moccasin bites you but does no damage.
Unknown command.
You miss the water moccasin. The yak gores you but does no damage.
The yak gores you!
You die...
Xom howls with laughter!

# ##.## ########.
.[...#####.P#.P#.#
.......#@YY..P....
......♣..♣..SYY........
.....♣..≈≈.♣5Y.........
.....≈..≈≈.≈♣.<......P.
...≈.≈.≈.≈.≈.......#.#P.
♣...≈≈..≈≈..≈≈....##.#.P
.♣≈≈≈.÷.≈.≈...♣.......#
.....≈≈.≈..≈≈≈≈♣......#...
∆
...≈....≈≈≈≈.≈≈............


You could see 2 elephants, 3 yaks, a water moccasin and a friendly iron imp.

Vanquished Creatures
  A minotaur (Gauntlet)
  Erolcha (D:9)
  Harold (Lair:2)
  A two-headed ogre (D:8)
  Urug (Lair:3)
  A shock serpent (D:8)
  4 lindwurms (Lair:2)
  2 elephants (Lair:2)
  Maurice (D:10)
  4 spiny frogs
  A rime drake (Lair:2)
  2 komodo dragons
  3 hornets
  Grinder (D:4)
  4 flying skulls (Gauntlet)
  Sigmund (D:6)
  2 hippogriffs (Lair:2)
  3 shadows (Gauntlet)
  8 yaks
  Menkaure (D:5)
  Edmund (D:4)
  A warg (D:10)
  6 porcupines
  2 ice beasts
  A phantom (D:9)
  4 orc warriors
  A slave (D:5)
  4 centaurs
  A necrophage (D:10)
  3 ogres
  A boggart (D:8)
  3 crocodiles
  6 bullfrogs
  A gnoll sergeant (D:8)
  7 scorpions
  4 wights (D:9)
  3 electric eels
  2 crimson imps
  A quasit (D:8)
  A bullfrog zombie (D:7)
  3 centaur zombies
  3 jellies
  4 hounds
  2 orc priests
  2 bullfrog skeletons (D:5)
  2 iguanas
  Ijyb (D:5)
  6 orc wizards
  Natasha (thrice) (D:4)
  3 worker ants
  A hound zombie (D:4)
  A hound skeleton (D:9)
  A worker ant zombie (D:4)
  12 gnolls
  12 adders
  3 shadow imps
  2 adder zombies (D:4)
  3 worms (D:2)
  An adder skeleton (D:8)
  A dart slug (D:1)
  4 leopard geckos
  39 orcs
  A ball python (D:1)
  5 bats
  A giant cockroach (D:3)
  10 hobgoblins
  13 jackals
  6 quokkas
  3 frilled lizards
  9 goblins
  8 kobolds
  A quokka zombie (D:8)
  7 rats
  2 withered plants (Gauntlet)
271 creatures vanquished.

Vanquished Creatures (collateral kills)
  Pikel (D:6)
  An elephant (Lair:2)
  2 flying skulls (Gauntlet)
  A slave (D:6)
  An ogre (D:6)
  A withered plant (Gauntlet)
7 creatures vanquished.

Vanquished Creatures (others)
  An orc warrior (D:6)
  A slave (D:6)
  A quokka (D:6)
  2 fungi
  13 plants
  8 withered plants (Gauntlet)
26 creatures vanquished.

Grand Total: 304 creatures vanquished

Notes
Turn   | Place    | Note
-------+----------+-------------------------------------------
     0 | D:1      | MisterOstroum the Gargoyle Earth Elementalist began the
                  | quest for the Orb.
     0 | D:1      | Reached XP level 1. HP: 10/10 MP: 3/3
   453 | D:1      | Reached skill level 1 in Fighting
   467 | D:1      | Reached XP level 2. HP: 17/17 MP: 3/5
   972 | D:2      | Reached XP level 3. HP: 21/21 MP: 4/6
  1047 | D:2      | Learned a level 3 spell: Stone Arrow
  1405 | D:2      | Reached skill level 5 in Earth Magic
  1485 | D:2      | Reached XP level 4. HP: 26/26 MP: 1/7
  1728 | D:2      | Found a shattered altar of Ashenzari.
  1987 | D:3      | Reached XP level 5. HP: 29/33 MP: 1/8
  2083 | D:3      | Found a white marble altar of Elyvilon.
  2994 | D:4      | Noticed an ogre
  3299 | D:4      | Reached skill level 5 in Fighting
  3299 | D:4      | Reached skill level 1 in Conjurations
  3299 | D:4      | Reached XP level 6. HP: 40/40 MP: 5/9
  3351 | D:4      | Noticed Grinder
  3390 | D:4      | Killed Grinder
  3507 | D:4      | Reached XP level 7. HP: 44/44 MP: 8/11
  3769 | D:4      | Found a staircase to the Ecumenical Temple.
  3781 | Temple   | Entered the Ecumenical Temple
  3799 | Temple   | Became a worshipper of Xom of Chaos
  4070 | D:4      | Noticed Natasha
  4073 | D:4      | Killed Natasha
  4080 | D:4      | Noticed Natasha
  4086 | D:4      | Killed Natasha
  4165 | D:4      | Noticed Natasha
  4171 | D:4      | Noticed Edmund
  4181 | D:4      | Killed Natasha
  4201 | D:4      | XOM: enchant monster (good)
  4212 | D:4      | Killed Edmund
  4299 | D:4      | XOM: god gift: 4 rations
  4338 | D:5      | Entered Level 5 of the Dungeon
  4344 | D:5      | Noticed a hornet
  4344 | D:5      | an ogre changed into a hornet
  4344 | D:5      | XOM: polymorph ogre -> hornet
  4361 | D:4      | XOM: stat loss: -1 Str (11/12)
  4600 | D:5      | XOM: harmless Tloc miscast
  4613 | D:4      | Killed a hornet
  4613 | D:4      | Reached XP level 8. HP: 23/49 MP: 7/14
  4700 | D:5      | XOM: mild Erth miscast
  4738 | D:5      | XOM: 1-stop teleportation journey
  4823 | D:5      | Noticed Eustachio
  4906 | D:5      | Learned a level 1 spell: Confusing Touch
  4914 | D:5      | Learned a level 4 spell: Petrify
  4973 | D:5      | Reached skill level 5 in Conjurations
  5020 | D:5      | XOM: god gift: 4 rations
  5067 | D:5      | Noticed Menkaure
  5086 | D:5      | Killed Menkaure
  5086 | D:5      | Reached skill level 5 in Spellcasting
  5470 | D:5      | Reached skill level 1 in Maces & Flails
  5470 | D:5      | Reached skill level 1 in Transmutations
  5484 | D:5      | Noticed Ijyb
  5495 | D:5      | Killed Ijyb
  5562 | D:5      | XOM: divination: detect creatures
  5714 | D:5      | Found a sparkling altar of Nemelex Xobeh.
  5714 | D:5      | Identified the +4 short sword "Iheamaew" {pain, rElec rF-
                  | rN+++ MR++}
  5764 | D:6      | Noticed Pikel
  5796 | D:5      | XOM: summons friendly quasit
  5805 | D:5      | XOM: god gift: ration
  5952 | D:6      | Found Jerrunek's Food Boutique.
  5977 | D:6      | Found Ufattont's Gadget Emporium.
  5993 | D:6      | Bought a wand of random effects (20) for 132 gold pieces
  6008 | D:6      | Found Kauraul's Weapon Emporium.
  6016 | D:6      | XOM: confuse monster(s)
  6022 | D:6      | Reached XP level 9. HP: 40/54 MP: 0/16
  6223 | D:6      | Found Ejiaxzumn's Book Emporium.
  6229 | D:6      | Noticed Sigmund
  6230 | D:6      | XOM: enchant monster (good)
  6234 | D:6      | Killed Sigmund
  6242 | D:6      | XOM: cleaving
  6249 | D:6      | XOM: summons 4 friendly demons
  6256 | D:6      | Killed Pikel
  6358 | D:6      | Identified Bisae's Volume of the Fiery Escort (Xom gifted
                  | it to you on level 6 of the Dungeon)
  6358 | D:6      | XOM: god gift: Bisae's Volume of the Fiery Escort
  6383 | D:6      | Learned a level 5 spell: Lee's Rapid Deconstruction
  6549 | D:6      | Found Deobbowo's Gadget Boutique.
  6800 | D:6      | Found a hide-covered altar of Uskayaw.
  6825 | D:6      | XOM: god gift: wand of clouds (5)
  6834 | D:6      | HP: 2/57 [orc warrior/+0 scimitar (12)]
  6841 | D:6      | XOM: fake destruction
  6846 | D:6      | XOM: divine lightning
  6914 | D:5      | XOM: 4-stop teleportation journey
  7314 | D:7      | Found a hazy altar of Hepliaklqana.
  7320 | D:7      | XOM: give mutations
  7320 | D:7      | Gained mutation: You have a pair of small horns on your
                  | head. [Xom's grace]
  7320 | D:7      | Gained mutation: You are partially covered in rugged brown
                  | scales. (AC +1, +3% HP) [Xom's grace]
  7320 | D:7      | Gained mutation: You have sharp toenails. [Xom's grace]
  7320 | D:7      | Gained mutation: Your movements are slightly less
                  | encumbered by armour. (ER -2) [Xom's grace]
  7705 | D:7      | XOM: god gift: murky white potion {god gift}
  7956 | D:8      | Noticed a two-headed ogre
  7964 | D:8      | Noticed a shock serpent
  7964 | D:8      | a two-headed ogre changed into a shock serpent
  7964 | D:8      | XOM: polymorph two-headed ogre -> shock serpent
  7972 | D:8      | XOM: scenery: create altars
  7973 | D:8      | Killed a shock serpent
  7973 | D:8      | Reached skill level 5 in Maces & Flails
  7973 | D:8      | Reached XP level 10. HP: 31/64 MP: 15/18
  8008 | D:8      | XOM: god gift: scroll of teleportation
  8340 | D:8      | XOM: god gift: 6 rations
  8363 | D:8      | XOM: harmless Pois miscast
  8412 | D:8      | Reached skill level 5 in Evocations
  8683 | D:8      | Found a transporter.
  8782 | D:8      | Found a transporter.
  8782 | D:8      | Identified the +2 shield of the End {rCorr Stlth+}
  8795 | D:8      | Noticed a two-headed ogre
  8802 | D:8      | Killed a two-headed ogre
  8876 | D:8      | Identified the ring "Jyrchien" {*Slow +Blink rC- EV+2
                  | Int+9}
  8983 | D:8      | XOM: polymorph sky beast -> boggart
  9013 | D:8      | Noticed a gargoyle
  9306 | D:9      | XOM: enchant monster (bad)
  9388 | D:9      | XOM: medium Chrm miscast
  9466 | D:9      | Found a deep blue altar of Sif Muna.
  9467 | D:9      | Found a radiant altar of Vehumet.
  9471 | D:9      | Found a sacrificial altar of Ru.
  9508 | D:9      | XOM: swap monsters
  9753 | D:9      | Found a runed translucent gate.
  9808 | D:9      | Found a runed translucent gate.
  9809 | D:9      | Found a runed translucent gate.
  9818 | D:9      | Noticed a ten-headed hydra
  9818 | D:9      | Noticed caleiya's ghost (novice GrFi)
  9843 | D:9      | Identified the +8 dagger of Punouss {venom, Dex+2}
  9957 | D:9      | XOM: harmless Summ miscast
  9959 | D:9      | XOM: harmless Tloc miscast
 10165 | D:9      | XOM: medium Conj miscast
 10276 | D:9      | XOM: silly message
 10746 | D:10     | Entered Level 10 of the Dungeon
 10746 | D:10     | Found an opulent altar of Gozag.
 10746 | D:10     | Noticed Erolcha
 10747 | D:10     | Noticed Maurice
 10751 | D:9      | XOM: noise
 10759 | D:9      | Killed Erolcha
 10759 | D:9      | Reached XP level 11. HP: 30/70 MP: 0/20
 10810 | D:9      | XOM: draining
 10926 | D:9      | XOM: summons 4 hostile shadow creatures
 10940 | D:10     | Killed Maurice
 10941 | D:10     | XOM: medium Tmut miscast
 10942 | D:10     | Gained mutation: Your body sometimes deteriorates upon
                  | taking damage. [mutagenic glow]
 11372 | D:10     | XOM: cast spell 'Summon Butterflies'
 11381 | D:10     | Found a staircase to the Lair.
 11478 | D:10     | XOM: summons 5 hostile demons
 11673 | D:10     | Found a staircase to the Orcish Mines.
 11689 | D:10     | XOM: summons friendly shadow imp
 11725 | D:10     | XOM is BORED!
 11725 | D:10     | XOM: polymorph shadow imp -> crimson imp
 11949 | D:10     | Found a portal to a secret trove of treasure.
 12203 | Lair:1   | Entered Level 1 of the Lair of Beasts
 12274 | Lair:1   | Noticed Gastronok
 12275 | Lair:1   | XOM: butterfly on damage
 12422 | Lair:1   | Noticed an oklob plant
 12491 | Lair:1   | Learned a level 2 spell: Sticks to Snakes
 13157 | Lair:1   | XOM: give mutations
 13157 | Lair:1   | Gained mutation: Your flesh is cold resistant. (rC+) [Xom's
                  | grace]
 13157 | Lair:1   | Gained mutation: Your natural rate of healing is unusually
                  | fast. [Xom's grace]
 13364 | Lair:2   | XOM: summons friendly white imp
 13423 | Lair:2   | Found a gate leading to a gauntlet.
 13447 | Gauntlet | Entered a Gauntlet
 13447 | Gauntlet | Found a transporter.
 13458 | Gauntlet | Found a transporter.
 13470 | Gauntlet | Found the ring of the Mage {Wiz MR++ Int+3}
 13473 | Gauntlet | Found a transporter.
 13478 | Gauntlet | Found a transporter.
 13499 | Gauntlet | Found a transporter.
 13500 | Gauntlet | Noticed an obsidian statue
 13512 | Gauntlet | Found a transporter.
 13521 | Gauntlet | Noticed a sixfirhy
 13524 | Gauntlet | Found a transporter.
 13524 | Gauntlet | Noticed a sixfirhy
 13525 | Gauntlet | Noticed a sixfirhy
 13527 | Gauntlet | Noticed a sixfirhy
 13536 | Gauntlet | Found a transporter.
 13536 | Gauntlet | Noticed a cacodemon
 13542 | Gauntlet | Found a transporter.
 13542 | Gauntlet | Found a transporter.
 13555 | Gauntlet | Noticed a death ooze
 13558 | Gauntlet | Found a transporter.
 13570 | Gauntlet | Found a transporter.
 13570 | Gauntlet | Noticed an entropy weaver
 13572 | Gauntlet | Noticed a wolf spider
 13589 | Gauntlet | Found a transporter.
 13604 | Gauntlet | Found a transporter.
 13606 | Gauntlet | Found a transporter.
 13630 | Gauntlet | Noticed a shining eye
 13633 | Gauntlet | Found a transporter.
 13633 | Gauntlet | Found a transporter.
 13657 | Gauntlet | Found a transporter.
 13682 | Gauntlet | XOM: harmless Hex miscast
 13770 | Gauntlet | XOM: smoke on damage
 13780 | Gauntlet | XOM: confuse monster(s)
 13790 | Gauntlet | XOM: divination: detect creatures
 13823 | Gauntlet | XOM: confuse monster(s)
 13832 | Gauntlet | XOM: noise
 14006 | Gauntlet | Got a flickering iron ring
 14094 | Gauntlet | Identified the ring of Mirth {rCorr *Slow rPois Str+8} (You
                  | found it in a Gauntlet)
 14106 | Gauntlet | XOM: god gift: 10 arrows
 14116 | Gauntlet | Noticed a minotaur
 14117 | Gauntlet | XOM: harmless Erth miscast
 14122 | Gauntlet | Killed a minotaur
 14149 | Gauntlet | Got an encrusted shortbow
 14338 | Lair:2   | Identified the +10 shortbow of Darkness {speed, +Inv rN+
                  | Dex-4} (You found it in a Gauntlet)
 14381 | Lair:2   | Reached XP level 12. HP: 75/75 MP: 13/24
 14584 | Lair:2   | Noticed Harold
 14589 | Lair:2   | Killed Harold
 15027 | Lair:2   | XOM: confuse monster(s)
 15085 | Lair:2   | XOM: harmless Erth miscast
 15120 | Lair:2   | XOM: 1-stop teleportation journey
 15146 | Lair:3   | Noticed Urug
 15267 | Lair:3   | Killed Urug
 15271 | Lair:3   | Reached skill level 10 in Earth Magic
 15427 | Lair:3   | XOM: summons friendly shadow imp
 15428 | Lair:3   | XOM: god gift: bloodstained falchion {god gift}
 15445 | Lair:3   | Reached skill level 10 in Fighting
 15515 | Lair:3   | XOM: harmless Necr miscast
 15523 | Lair:3   | XOM: confusion
 15530 | Lair:3   | XOM: harmless Fire miscast
 15539 | Lair:3   | XOM: noise
 15540 | Lair:3   | XOM: destruction
 15543 | Lair:3   | XOM: harmless Necr miscast
 15546 | Lair:3   | Noticed a catoblepas
 15603 | Lair:3   | XOM: divination: detect items
 15617 | Lair:2   | XOM: fake destruction
 15646 | Lair:2   | XOM: smoke on damage
 15759 | Lair:3   | XOM: confuse monster(s)
 15760 | Lair:3   | XOM: smoke on damage
 15782 | Lair:2   | XOM: cast spell 'Monstrous Menagerie'
 15798 | Lair:2   | XOM: polymorph adder -> hobgoblin
 15807 | Lair:3   | XOM: blink monster(s)
 15810 | Lair:3   | XOM: summons friendly iron imp
 15826 | Lair:3   | Mangled by a yak

Skill      XL: |  1  2  3  4  5  6  7  8  9 10 11 12 |
---------------+-------------------------------------+-----
Fighting       | 1 2 3 5 7 8 10 | 10.0
Earth Magic    | 4 5 7 8 9 10 | 10.9
Conjurations   | 1 3 4 5 7 |  7.0
Spellcasting   | 4 5 6 8 |  8.7
Maces & Flails | 3 5 6 7 |  7.0
Transmutations | 1 4 |  4.0
Evocations     | 2 4 5 |  5.0
Dodging        | 3 |  3.0
Shields        | 4 |  4.2
Stealth        | |  2.2

Action                   |  1- 3 |  4- 6 |  7- 9 | 10-12 || total
-------------------------+-------+-------+-------+-------++-------
Melee: Spear             |    46 |    87 |    73 |       ||   206
       Flail             |       |       |    29 |       ||    29
       Whip              |       |       |    44 |   264 ||   308
       Kick              |       |       |     3 |    63 ||    66
       Headbutt          |       |       |     3 |    43 ||    46
       Unarmed           |       |       |       |    14 ||    14
Throw: Stone             |    12 |    15 |     6 |    13 ||    46
       Tomahawk          |       |       |       |    15 ||    15
       Javelin           |       |       |       |     6 ||     6
 Cast: Sandblast         |    24 |    45 |    49 |    26 ||   144
       Stone Arrow       |     4 |     1 |    34 |   115 ||   154
       Confusing Touch   |       |       |     1 |     3 ||     4
       Lee's Rapid Decon |       |       |       |    31 ||    31
       Sticks to Snakes  |       |       |       |    17 ||    17
       Petrify           |       |       |       |     6 ||     6
Evoke: Wand              |       |       |     1 |    24 ||    25
  Use: Scroll            |       |     5 |     4 |     8 ||    17
       Potion            |       |       |     6 |     4 ||    10
 Stab: Sleeping          |     3 |     3 |     3 |     1 ||    10
       Paralysed         |       |       |     2 |       ||     2
       Distracted        |       |       |     1 |       ||     1
       Confused          |       |       |       |     4 ||     4
       Petrified         |       |       |       |    19 ||    19
       Petrifying        |       |       |       |     1 ||     1
  Eat: Chunk             |     3 |     7 |    31 |    33 ||    74
       Ration            |       |       |       |     1 ||     1
Armor: Robe              |    15 |    23 |    44 |   137 ||   219
       Skin              |       |       |       |    59 ||    59
Dodge: Dodged            |    33 |    64 |    95 |   162 ||   354
Block: Buckler           |       |       |       |    51 ||    51
